 Dungeon Crawl Stone Soup version 0.26.0-45-g9c1d065592 (webtiles) character file.

Game seed: 11285569986560891279

90 thiole the Stinger (level 4, -3/27 HPs)
             Began as an Octopode Venom Mage on Jan 27, 2021.
             Slain by Natasha (8 damage)
             ... on level 2 of the Dungeon.
             The game lasted 00:01:47 (1419 turns).

thiole the Stinger (Octopode Venom Mage)            Turns: 1419, Time: 00:01:47

Health: -3/27      AC:  1    Str:  7    XL:     4   Next: 56%
Magic:  4/8        EV: 13    Int: 18    God:
Gold:   128        SH:  0    Dex: 12    Spells: 8/9 levels left

rFire    . . .     SeeInvis .   (no weapon)
rCold    . . .     Faith    .   (no shield)
rNeg     . . .     Spirit   .   (helmet restricted)
rPois    .         Reflect  .   (no amulet)
rElec    .         Harm     .   (no ring)
rCorr    .         Rampage  .   (no ring)
Will     .....                  (no ring)
Stlth    +++.......             (no ring)
HPRegen  0.09/turn              (no ring)
MPRegen  0.11/turn              (no ring)
                                (no ring)
                                (no ring)

@: slowed, very slow
A: almost no armour, stealthy swim, amphibious, 8 rings, constrict 8, camouflage
1, gelatinous body 1
a: no special abilities


You were on level 2 of the Dungeon.
You visited 1 branch of the dungeon, and saw 2 of its levels.

You collected 128 gold pieces.

Inventory:

Scrolls
 a - a scroll of magic mapping {unknown}
 b - a scroll of identify {unknown}
 d - 2 scrolls of teleportation {unknown}
 f - a scroll of noise {unknown}
 g - 2 scrolls of remove curse {unknown}
 l - a scroll of immolation {unknown}
Potions
 c - 2 potions of lignification {unknown}
 e - 2 potions of berserk rage {unknown}
 h - 2 potions of haste {unknown}
 i - 2 potions of mutation {unknown}
 j - a potion of curing {unknown}
 k - 2 potions of heal wounds {unknown}


   Skills:
 - Level 2.0 Dodging
 - Level 2.6 Stealth
 * Level 3.2 Spellcasting
 * Level 2.9 Transmutations
 - Level 4.0 Poison Magic


You had 8 spell levels left.
You knew the following spells:

 Your Spells              Type           Power        Failure   Level
a - Sting                 Tmut/Pois      60%          3%          1

Your spell library contained the following spells:

 Spells                   Type           Power        Failure   Level
 Poisonous Vapours        Pois/Air       20%          11%         2
 Ignite Poison            Fire/Tmut/Pois 11%          19%         3
 Mephitic Cloud           Conj/Pois/Air  7%           28%         3
 Olgreb's Toxic Radiance  Pois           17%          30%         4


Dungeon Overview and Level Annotations

Branches:
Dungeon (2/15)

Altars:

Annotations:
D:2 Natasha


Innate Abilities, Weirdness & Mutations

You cannot wear most types of armour.
You are very stealthy in the water. (Stealth+)
You are amphibious.
You can wear up to eight rings at the same time.
You can use your tentacles to constrict eight enemies at once.
Your skin changes colour to match your surroundings (Stealth+).
Your rubbery body absorbs attacks. (AC +1, EV +1)


Message History

You feel yourself slow down.
You miss Natasha. You grab Natasha.
Natasha is heavily wounded.
You constrict Natasha, but do no damage.
Natasha casts a spell at you. The magic dart hits you!
* * * LOW HITPOINT WARNING * * *
Natasha casts a spell at you. The magic dart hits you.
* * * LOW HITPOINT WARNING * * *
Casting: Sting (safe; 3% risk of failure)
Confirm with . or Enter, or press ? or * to list all spells.
Aiming: Sting (safe; 3% risk of failure)
Press: ? - help, Shift-Dir - straight line, f/p - Natasha
Aim: Natasha (severely wounded, constricted by you, very poisoned, 6% to evade)
The sting hits Natasha but does no damage.
Natasha looks even sicker.
Natasha is severely wounded.
You constrict Natasha. Natasha claws you!
You die...

##.....# #....# ########.#...
##......######...###########.#...
.'...........'...+...............
##.......#####...############.###
#.......# #...'...........†...
#...##### #...##......#####.#.
##### ###...##...<..........
#.....##......#####...
#....@................
#..†h###########..)... #....
#.....) ....... #...... .......
#...... ....... #...... .......
#.....> ....... #.....# ####+##


You could see Natasha (very poisoned).

Vanquished Creatures
  Natasha (twice) (D:2)
  An adder (D:2)
  An ooze (D:2)
  A worm (D:2)
  4 goblins
  4 hobgoblins
  3 kobolds
  A quokka (D:2)
  3 bats (D:1)
  A frilled lizard (D:2)
  2 rats (D:2)
23 creatures vanquished.

Notes
Turn   | Place    | Note
-------+----------+-------------------------------------------
     0 | D:1      | thiole the Octopode Venom Mage began the quest for the Orb.
     0 | D:1      | Reached XP level 1. HP: 11/11 MP: 3/3
   194 | D:1      | Reached XP level 2. HP: 17/17 MP: 1/5
   580 | D:2      | Reached skill level 4 in Poison Magic
   903 | D:2      | Reached XP level 3. HP: 16/21 MP: 4/6
  1135 | D:2      | Noticed Natasha
  1144 | D:2      | Killed Natasha
  1145 | D:2      | Reached XP level 4. HP: 20/27 MP: 0/8
  1195 | D:2      | Noticed Natasha
  1205 | D:2      | Killed Natasha
  1411 | D:2      | Noticed Natasha
  1419 | D:2      | Slain by Natasha

Illustrated notes

Levels and vault maps discovered:
D:1:      giann_bridges, layout_rooms
D:2:      layout_basic, uniq_crazy_yiuf_cottage, uniq_natasha

Skill      XL: |  1  2  3  4 |
---------------+-------------+-----
Poison Magic   | 4 |  4.0
Transmutations | 2 |  2.9
Spellcasting   | 3 |  3.2
Dodging        | |  2.0
Stealth        | |  2.6

Action                   |  1- 3 |  4- 6 || total
-------------------------+-------+-------++-------
Melee: Unarmed           |    27 |     4 ||    31
       Constrict         |     7 |     2 ||     9
       Tentacles         |     4 |       ||     4
 Cast: Sting             |    34 |    12 ||    46
 Stab: Sleeping          |     1 |       ||     1
Armor: Skin              |     7 |       ||     7
Dodge: Dodged            |    27 |     4 ||    31
